 Dungeon Crawl Stone Soup version 0.20.1-1-g8b1a95d (webtiles) character file.

2212 Linguinho the Caller (level 9, 0/93 HPs)
             Began as a Demonspawn Summoner on Nov 4, 2017.
             Was a Believer of Ashenzari.
             Slain by an orc warrior
             ... wielding a +0 halberd
              (9 damage)
             ... on level 8 of the Dungeon.
             The game lasted 00:42:04 (9318 turns).

Linguinho the Caller (Demonspawn Summoner)          Turns: 9318, Time: 00:42:05

Health: 0/93       AC: 24    Str: 10    XL:     9   Next: 13%
Magic:  0/25       EV:  2    Int: 19    God:    Ashenzari [**....]
Gold:   312        SH:  0    Dex: 18    Spells: 5/18 levels left

rFire    . . .     SeeInvis .   z - +0 trident
rCold    . . .     Gourm    .   (no shield)
rNeg     + + +     Faith    .   (armour currently unavailable)
rPois    +         Spirit   +   (helmet currently unavailable)
rElec    .         Reflect  .   (cloak currently unavailable)
rCorr    .         Harm     .   (gloves currently unavailable)
MR       .....     NoTele   +   (boots currently unavailable)
Stlth    ++++......             (no amulet)
Regen    0.3/turn               r - ring of poison resistance
MPRegen  0.4/turn               v - ring of magical power (curse)

@: agile, tree-form, drained
A: magic shield, magic regeneration, magic link
a: Curse Item, Scrying, Renounce Religion


You were on level 8 of the Dungeon.
You worshipped Ashenzari.
Ashenzari was pleased with you.
You were not hungry.
You were a tree.
You visited 1 branch of the dungeon, and saw 8 of its levels.
You also visited: Ossuary.

You collected 312 gold pieces.

Inventory:

Hand Weapons
 m - a +0 scythe
 z - a +0 trident (weapon)
Missiles
 h - 3 tomahawks (quivered)
 l - 212 stones
 y - 2 tomahawks of dispersal
Armour
 d - a +0 buckler
 q - a cursed +1 pair of gloves (melded)
 A - a cursed +1 leather armour of fire resistance (melded)
Jewellery
 r - a ring of poison resistance (left branch)
 v - a cursed ring of magical power (right branch)
 J - an uncursed ring of fire
Wands
 k - a wand of paralysis (11/24)
 L - a wand of enslavement (17/24)
Scrolls
 f - 4 scrolls of immolation
 g - 3 scrolls of blinking
 i - a scroll of remove curse
 j - 2 scrolls of fear {unknown}
 p - 4 scrolls of recharging
 t - 2 scrolls of enchant weapon {unknown}
 C - a scroll of magic mapping {unknown}
 E - a scroll of summoning {unknown}
 G - 2 scrolls of teleportation
 H - a scroll of fog {unknown}
Potions
 e - 2 potions of might
 o - a potion of lignification
 s - 2 potions of berserk rage {unknown}
 w - 2 potions of curing
 D - a potion of resistance {unknown}
 F - a potion of magic {unknown}
 I - 2 potions of flight
Books
 b - a book of Callings

   Spells                             Type                      Level
   a - Summon Small Mammal            Summoning                    1
   b - Call Imp                       Summoning                    2
   c - Call Canine Familiar           Summoning                    3
   d - Summon Guardian Golem          Hexes/Summoning              3
   e - Summon Lightning Spire         Summoning/Air                4
   f - Summon Ice Beast               Ice/Summoning                4
Comestibles
 c - 3 bread rations
 n - 6 fruits
 x - 5 royal jellies
 B - a meat ration


   Skills:
 + Level 2.6(2.4) Fighting
   Level 0.1(0.0) Maces & Flails
 + Level 4.1(4.0) Polearms
 + Level 1.5(1.3) Armour
 + Level 3.2(3.1) Dodging
 + Level 3.3(3.2) Stealth
 + Level 5.1(4.9) Spellcasting
 * Level 4.5(4.3) Hexes
 + Level 7.4(7.2) Summonings
 * Level 1.3(1.1) Ice Magic


You had 5 spell levels left.
You knew the following spells:

 Your Spells              Type           Power        Failure   Level  Hunger
a - Summon Small Mammal   Summ           ####         1%          1    None
b - Call Imp              Summ           ####....     1%          2    #......
c - Summon Guardian Gole  Hex/Summ       ####....     3%          3    ##.....
d - Call Canine Familiar  Summ           ####....     1%          3    ##.....
e - Summon Ice Beast      Ice/Summ       ###.....     22%         4    ####...


Dungeon Overview and Level Annotations

Branches:
Dungeon (8/15)             Temple (0/1) D:7
   Lair: D:8-11

Altars:
Ashenzari
Uskayaw

Shops:
D:4 %


Innate Abilities, Weirdness & Mutations

((You have a pair of small antennae on your head.))
((You are partially covered in sharp spines.))
When hurt, damage is shared between your health and your magic reserves.
You regenerate magic rapidly.
When low on magic, you restore magic in place of health.
((When seriously injured, your bleeding wounds create armour. (AC +0)))


Message History

Unknown command.
Attack whom?
Press: ? - help, Dir - move target cursor, f - orc warrior
Aim: an orc warrior, wielding a halberd and wearing a chain mail (lightly wounded)
You could not reach far enough!
Your white imp disappears in a puff of smoke!
Your shadow imp disappears in a puff of smoke!
The orc warrior hits you from afar with a halberd!
* * * LOW HITPOINT WARNING * * *
Your crimson imp hits the orc warrior.
Unknown command.
Okay, then.
You cannot blink because you are held in place by your roots.
You cannot move.
You cannot move.
You cannot move.
Unknown command.
You feel better.
The orc warrior hits you from afar with a halberd!
You die...

, * ###.. , ,, ,
, ....# * , *
#.... ##. ,,
#.... #.. ,#*
#.... #.# *.# *
#.... #.# ###.#
#.... #.# #b.§#
#.... #.####♣#
#....
#.#oo55######
##....
##.)o###.....#
####.^... #..).#
#.....###........
#....#
#.....#†..#######
#...o#
#................
#....#
#.....###########
#....# #.....#
#....# #.....#


You could see an orc warrior, an orc priest, an orc, a friendly crimson imp, a
friendly white imp and a friendly bat.

Vanquished Creatures
  Grinder (D:6)
  An ice beast (D:8)
  An ogre (D:7)
  2 bullfrogs
  2 elf zombies (Ossuary)
  A scorpion (D:6)
  A wight (D:8)
  3 crimson imps
  A centaur zombie (Ossuary)
  2 jellies (D:7)
  A hound (D:7)
  An orc priest (D:3)
  A bullfrog zombie (D:7)
  A bullfrog skeleton (D:4)
  An orc wizard (D:3)
  An iguana (D:7)
  9 worker ants
  2 mummies (Ossuary)
  A howler monkey skeleton (D:5)
  4 adders
  An ooze (D:1)
  An adder skeleton (D:7)
  An adder zombie (D:8)
  2 worms (D:3)
  2 leopard geckos
  11 orcs
  5 giant cockroaches
  3 hobgoblins
  9 jackals
  3 quokkas
  7 bats
  5 frilled lizards
  5 goblins
  A goblin zombie (Ossuary)
  4 hobgoblin zombies (Ossuary)
  2 jackal zombies (Ossuary)
  4 kobolds
  8 kobold zombies (Ossuary)
  6 orc zombies (Ossuary)
  A quokka skeleton (D:4)
  A quokka zombie (D:6)
  6 rats
  2 rat zombies
127 creatures vanquished.

Vanquished Creatures (collateral kills)
  The ghost of Irenicus the Chopper, an amateur DDMo (D:4)
  Menkaure (D:7)
  A black bear (D:7)
  An ogre (D:3)
  3 elf zombies (Ossuary)
  2 wights (D:8)
  2 crimson imps
  A bullfrog skeleton (D:4)
  A hound (D:4)
  3 orc priests
  7 orc wizards
  Ijyb (D:3)
  A worker ant (D:4)
  The ghost of letownia2 the Grave Robber, a weakling DDNe (D:3)
  A worker ant zombie (D:5)
  6 adders
  An adder zombie (D:6)
  An ooze (D:3)
  A worm (D:2)
  3 leopard geckos
  22 orcs
  A bat (D:2)
  3 goblins
  A hobgoblin (D:2)
  2 jackals (D:5)
  7 kobolds
  A hobgoblin zombie (Ossuary)
  4 kobold zombies (Ossuary)
  4 orc zombies (Ossuary)
  5 rats
89 creatures vanquished.

Grand Total: 216 creatures vanquished

Notes
Turn   | Place    | Note
-------+----------+-------------------------------------------
     0 | D:1      | Linguinho the Demonspawn Summoner began the quest for the Orb.
     0 | D:1      | Reached XP level 1. HP: 13/13 MP: 3/3
   765 | D:1      | Gained mutation: When seriously injured, your bleeding wounds create armour. (AC +0) [demonic ancestry]
   765 | D:1      | Reached XP level 2. HP: 18/19 MP: 5/5
   769 | D:1      | Learned a level 2 spell: Call Imp
  1855 | D:2      | Found a shattered altar of Ashenzari.
  2188 | D:2      | Gained mutation: When hurt, damage is shared between your health and your magic reserves. [demonic ancestry]
  2188 | D:2      | Reached XP level 3. HP: 24/24 MP: 1/6
  3554 | D:2      | Became a worshipper of Ashenzari the Shackled
  3559 | D:2      | Learned a level 3 spell: Summon Guardian Golem
  3597 | D:3      | Noticed Ijyb
  3640 | D:3      | Paralysed by Ijyb for 5 turns
  3665 | D:3      | Killed Ijyb
  3665 | D:3      | Gained mutation: You are partially covered in sharp spines. [demonic ancestry]
  3665 | D:3      | Reached XP level 4. HP: 26/31 MP: 1/8
  3956 | D:3      | Noticed letownia2's ghost (weakling DDNe)
  3985 | D:3      | Killed letownia2's ghost
  4173 | D:3      | Reached skill level 1 in Fighting
  4250 | D:3      | Reached skill level 5 in Summonings
  4422 | D:3      | Reached XP level 5. HP: 37/37 MP: 9/9
  4437 | D:3      | Reached skill level 1 in Hexes
  4471 | D:3      | Noticed an ogre
  4481 | D:3      | Killed an ogre
  4999 | D:4      | Reached XP level 6. HP: 43/43 MP: 10/10
  5078 | D:4      | Reached skill level 1 in Polearms
  5098 | D:4      | Noticed Irenicus's ghost (amateur DDMo)
  5260 | D:4      | Killed Irenicus's ghost
  5330 | D:4      | Found Ypedir's Food Shoppe.
  5759 | D:4      | Gained mutation: You have a pair of small antennae on your head. [demonic ancestry]
  5759 | D:4      | Reached XP level 7. HP: 38/48 MP: 5/12
  6176 | D:5      | Entered Level 5 of the Dungeon
  6661 | D:5      | Reached * piety under Ashenzari
  6930 | D:6      | Found a hide-covered altar of Uskayaw.
  6994 | D:6      | Found a sand-covered staircase.
  7010 | Ossuary  | Entered an ossuary
  7181 | Ossuary  | Reached skill level 6 in Summonings
  7206 | Ossuary  | Gained mutation: You regenerate magic rapidly. [demonic ancestry]
  7206 | Ossuary  | Reached XP level 8. HP: 37/56 MP: 4/14
  7934 | D:6      | Noticed Grinder
  7954 | D:6      | Killed Grinder
  8111 | D:7      | Reached skill level 1 in Armour
  8111 | D:7      | Reached skill level 7 in Summonings
  8206 | D:7      | Reached ** piety under Ashenzari
  8343 | D:7      | Learned a level 3 spell: Call Canine Familiar
  8348 | D:7      | Learned a level 4 spell: Summon Ice Beast
  8442 | D:7      | Found a staircase to the Ecumenical Temple.
  8833 | D:7      | Noticed Menkaure
  8843 | D:7      | Killed Menkaure
  8843 | D:7      | Reached skill level 1 in Ice Magic
  9029 | D:8      | Gained mutation: When low on magic, you restore magic in place of health. [demonic ancestry]
  9029 | D:8      | Reached XP level 9. HP: 62/62 MP: 14/16
  9148 | D:8      | Reached skill level 5 in Spellcasting
  9317 | D:8      | HP: 1/93 [orc warrior/halberd (9)]
  9318 | D:8      | Slain by an orc warrior

Skill      XL: |  1  2  3  4  5  6  7  8  9 |
---------------+----------------------------+-----
Dodging        | 2 3 |  3.2
Stealth        | 2 3 |  3.3
Fighting       | 1 2 |  2.6
Summonings     | 5 6 7 |  7.4
Spellcasting   | 3 4 5 |  5.1
Hexes          | 1 2 3 4 |  4.5
Polearms       | 1 2 4 |  4.1
Armour         | 1 |  1.5
Ice Magic      | 1 |  1.3
Maces & Flails | |  0.1

Action                   |  1- 3 |  4- 6 |  7- 9 || total
-------------------------+-------+-------+-------++-------
Melee: Club              |    14 |       |       ||    14
       Hand axe          |    86 |    30 |       ||   116
       Trident           |       |    87 |   307 ||   394
Throw: Tomahawk          |     3 |       |       ||     3
 Cast: Summon Small Mamm |    19 |    16 |     6 ||    41
       Call Imp          |    22 |    53 |    69 ||   144
       Summon Guardian G |       |     7 |    14 ||    21
       Call Canine Famil |       |       |    11 ||    11
Invok: Curse Item        |       |     1 |     2 ||     3
  Use: Scroll            |       |       |     8 ||     8
       Potion            |       |       |     5 ||     5
 Stab: Sleeping          |     5 |     6 |    14 ||    25
       Distracted        |       |     1 |     5 ||     6
  Eat: Chunk             |     7 |    10 |    11 ||    28
       Royal jelly       |     1 |       |       ||     1
       Fruit             |       |     1 |       ||     1
       Bread ration      |       |       |     1 ||     1
Armor: Robe              |    41 |    12 |     6 ||    59
       Skin              |       |       |    28 ||    28
       Leather armour    |       |       |    34 ||    34
Dodge: Dodged            |    69 |    61 |   110 ||   240
